Map: Ice and Chrome LE

Players

Namshar

  • Race: Zerg Zerg
  • League: Master
  • Spawn Location: 7:00

Scarlett - Winner!

  • Race: Zerg Zerg
  • Spawn Location: 1:00

Event: DreamHack SC2 Masters 2020 Fall

VOD

Have the link to the VOD?

Description

Time

  • Played on: Sept. 4, 2020, 3:58 p.m.
  • Length: 7:44

All games in this series

Show
View Real Time Build Order
Export as new Build Order

Namshar Zerg 

Build Orders: Hatch First 

Get SALT Encoding   

  12  0:00  Drone  
  13  0:12  Overlord  
  13  0:16  Drone  
  14  0:30  Drone x2  
  16  0:47  Hatchery  
  15  0:50  Drone  
  15  0:54  Drone  
  17  0:57  Drone  
  18  1:07  Extractor  
  17  1:12  Spawning Pool  
  17  1:15  Drone  
  17  1:18  Drone  
  18  1:27  Drone  
  19  1:38  Drone  
  20  1:49  Drone  
  21  1:59  Drone, Queen x2  
  21  2:00  Overlord  
  26  2:10  Drone  
  26  2:11  Drone, Metabolic Boost  
  28  2:20  Drone  
  28  2:21  Drone  
  30  2:31  Drone x2  
  30  2:35  Hatchery  
  31  2:42  Queen  
  33  2:52  Baneling Nest, Overlord  
  33  2:57  Drone x2  
  34  3:01  Zergling x2  
  34  3:05  Drone  
  36  3:11  Drone  
  36  3:12  Drone x2, Zergling x4  
  41  3:14  Overlord  
  41  3:16  Zergling x2  
  42  3:21  Overlord  
  42  3:27  Overlord  
  42  3:35  Evolution Chamber, Baneling  
  42  3:36  Baneling  
  42  3:40  Zergling x4  
  43  3:41  Drone x3  
  43  3:48  Drone x3  
  49  4:00  Baneling  
  49  4:02  Drone x6  
  53  4:13  Overlord  
  53  4:14  Overlord  
  53  4:16  Drone x4  
  57  4:24  Extractor  
  57  4:25  Roach Warren  
  57  4:26  Extractor  
  57  4:28  Overlord  
  57  4:31  Extractor  
  52  4:37  Overlord  
  52  4:39  Drone  
  52  4:42  Overlord x2  
  52  4:44  Zergling x12  
  59  4:46  Zerg Ground Armor Level 1  
  59  4:55  Overlord  
  59  5:10  Overlord  
  59  5:12  Roach x8  
  75  5:19  Roach x3  
  81  5:27  Roach x3  
  87  5:32  Overlord  
  87  5:33  Roach x3  
  93  5:38  Roach x2  
  90  5:43  Zergling x4  
  90  5:44  Zergling x4  
  94  5:50  Zergling x2  
  94  5:51  Zergling x4  
  94  5:55  Zergling x4  
  98  5:57  Ravager x2  
  98  5:58  Ravager  
  98  6:00  Zergling x2  
  98  6:02  Zergling x8  
  106  6:06  Ravager  
  106  6:07  Zergling x2  
  106  6:08  Zergling x4  
  104  6:19  Roach  
  104  6:22  Roach, Zergling x8  
  87  6:26  Roach, Zergling x2  
  87  6:27  Zergling x2  
  87  6:30  Zergling x10  
  87  6:32  Ravager  
  89  6:34  Zergling x4  
  89  6:35  Ravager  
  83  6:42  Drone  
  83  6:43  Drone x2  
  86  6:57  Roach x5  
  94  7:02  Roach x3  
  96  7:14  Roach x6  
  101  7:18  Roach  
  97  7:23  Roach x2  
Show
View Real Time Build Order
Export as new Build Order

Scarlett Zerg - Winner!

Build Orders: Hatch First 

Get SALT Encoding   

  12  0:00  Drone  
  13  0:12  Overlord  
  13  0:16  Drone  
  14  0:30  Drone x2  
  16  0:46  Hatchery  
  15  0:50  Drone  
  15  0:54  Drone  
  18  0:57  Drone  
  18  1:08  Extractor  
  17  1:12  Spawning Pool  
  17  1:15  Drone  
  17  1:18  Drone  
  18  1:28  Drone  
  19  1:38  Drone  
  20  1:49  Drone  
  21  1:58  Queen x2  
  21  1:59  Drone  
  21  2:00  Overlord  
  26  2:08  Metabolic Boost  
  26  2:10  Drone  
  26  2:11  Drone  
  28  2:20  Drone  
  28  2:22  Drone  
  30  2:30  Hatchery  
  30  2:36  Drone  
  30  2:37  Drone  
  31  2:43  Queen  
  33  2:47  Overlord  
  33  2:49  Drone  
  34  2:52  Drone  
  34  2:53  Drone  
  36  3:05  Baneling Nest  
  36  3:06  Drone x2  
  36  3:07  Drone  
  36  3:08  Zergling x2  
  36  3:09  Zergling x2  
  40  3:15  Overlord  
  40  3:17  Zergling x2  
  41  3:32  Drone x2  
  43  3:37  Drone x2  
  43  3:38  Drone  
  46  3:41  Zergling x2  
  46  3:43  Drone x2  
  49  3:51  Overlord  
  49  3:52  Drone  
  49  3:53  Evolution Chamber  
  49  3:55  Extractor  
  48  3:56  Extractor  
  48  3:57  Drone x2  
  48  4:00  Drone x3  
  51  4:04  Drone  
  51  4:05  Drone  
  51  4:06  Baneling x2  
  51  4:08  Drone, Overlord  
  51  4:09  Drone  
  55  4:13  Drone  
  55  4:14  Drone  
  55  4:15  Drone, Overlord  
  55  4:16  Drone  
  59  4:20  Zerg Missile Weapons Level 1  
  59  4:23  Drone, Roach Warren  
  59  4:24  Drone  
  59  4:25  Drone  
  59  4:28  Lair  
  61  4:33  Drone x4  
  61  4:34  Drone  
  61  4:36  Drone  
  61  4:37  Drone  
  68  4:40  Extractor  
  68  4:41  Extractor, Zergling x4  
  68  4:42  Zergling x2  
  68  4:49  Drone x5  
  73  4:54  Extractor  
  73  4:55  Overlord  
  72  5:05  Drone x2  
  72  5:06  Drone, Overlord  
  72  5:07  Drone x5  
  80  5:14  Overlord  
  80  5:15  Baneling x2  
  80  5:18  Roach x2  
  80  5:19  Baneling  
  80  5:20  Baneling  
  84  5:27  Roach  
  84  5:28  Roach x3  
  92  5:30  Glial Reconstitution  
  92  5:34  Roach x5, Overseer  
  92  5:35  Overseer  
  101  5:43  Roach x2  
  105  5:50  Overlord x3  
  105  5:54  Spine Crawler  
  105  5:55  Spine Crawler  
  103  5:59  Spine Crawler  
  103  6:01  Baneling x3  
  103  6:02  Roach, Baneling  
  103  6:03  Spine Crawler  
  103  6:07  Roach, Overlord  
  104  6:13  Roach  
  104  6:14  Roach x9  
  104  6:15  Roach  
  124  6:23  Roach  
  119  6:26  Roach  
  119  6:27  Roach  
  113  6:36  Roach  
  113  6:37  Roach x3  
  117  6:40  Roach x4  
  117  6:45  Roach x4  
  133  6:54  Pneumatized Carapace  
  133  6:56  Roach x2  
  133  6:57  Overlord x2  
  133  7:16  Roach x10  
  133  7:17  Overlord  
  141  7:24  Roach x2  

Tags
 
Add a new tag
Caveats
  • Supply blocks, unpowered buildings, or Contaminate may cause inaccurate times.
  • Supply counts are checked every 10 seconds.